 Dungeon Sprint DCSS version 0.31.0-32-g396128a36d (webtiles) character file.

Game seed: 12728737199072886355

33079 Heoruswealwe the Minotaur Porcupine (level 13, -1/145 HPs)
             Began as a Minotaur Fighter on Mar 9, 2024.
             Was an Initiate of Gozag.
             Slain by a ghost moth (8 damage)
             ... in the Dungeon (Sprint IX: "|||||||||||||||||||||||||||||").
             The game lasted 00:34:16 (2734 turns).

Heoruswealwe the Minotaur Porcupine (MiFi)          Turns: 2734, Time: 00:34:18

Health: -1/145     AC:  5    Str: 28 (31) XL:     13   Next: 34%
Magic:  0/12       EV: 11    Int: -4 (1)  God:    Gozag
Gold:   1881       SH: 25    Dex: 11 (12) Spells: 12/12 levels left

rFire   + . .        a - +3 demon trident (elec)
rCold   . . .        d - +10 tower shield of Ignorance {rN+ Int-4}
rNeg    + + .        c - +8 plate armour "Fecvuim" {+Inv rN+ Str+2}
rPois   +            (helmet restricted)
rElec   +            h - +1 cloak "Vigeinenac" {rElec rF+ Str+3 Dex+2}
rCorr   .            f - +1 pair of gloves
SInv    .            e - +2 pair of boots {Fly}
Will    .....        (no amulet) Stlth
                     k - +2 ring of evasion
HPRegen 0.44/turn    j - ring of poison resistance
MPRegen 0.13/turn

%: no teleportation
@: corroded, flying, slowed, lost intelligence, unable to read, very slow
A: horns 2, retaliatory headbutt
a: Renounce Religion, Evoke Invisibility, Potion Petition, Call Merchant, Bribe
Branch


You were in the Dungeon.
You worshipped Gozag.
Gozag was most pleased with you.
You visited 1 branch You collected 11802 gold pieces.
You spent 5098 gold pieces at shops.
You paid 4823 gold pieces to Gozag.

Inventory:

Hand Weapons
 a - a +3 demon trident of electrocution (weapon)
 b - the +4 halberd "Eviscerator" {freeze, *Slow rPois rC++ SInv}
   (You bought it in a shop in the Dungeon)

   rC++:      It greatly protects you from cold.
   rPois:     It protects you from poison SInv: It lets you see invisible.
   *Slow:     It may slow you when you take damage.
Armour
 c - the +8 plate armour "Fecvuim" (worn) {+Inv rN+ Str+2}
   (You found it in the Dungeon)

   Str+2:     It affects your strength (+2).
   rN+:       It protects you from negative energy.
   +Inv:      It lets you turn invisible.
 d - the +10 tower shield of Ignorance (worn) {rN+ Int-4}
   (You bought it in a shop in the Dungeon)

   Int-4:     It affects your intelligence (-4).
   rN+:       It protects you from negative energy.
 e - a +2 pair of boots of flying (worn)
 f - a +1 pair of gloves (worn)
 h - the +1 cloak "Vigeinenac" (worn) {rElec rF+ Str+3 Dex+2}
   (You bought it in a shop in the Dungeon)

   Str+3:     It affects your strength (+3).
   Dex+2:     It affects your dexterity (+2).
   rF+:       It protects you from fire.
   rElec:     It insulates you from electricity.
 A - the +5 robe of Night {Dark Will+ SInv}
   (You bought it in a shop in the Dungeon)

   Dark:      It shrouds the wearer in darkness, reducing the range at which
   they can see and be seen by others.
   Will+:     It increases your willpower.
   SInv:      It lets you see invisible.
 B - the +5 Storm Queen's Shield {shock, Fly rElec}
   (You bought it in a shop in the Dungeon)

   Shock:     When it blocks an attack, it may electrocute the attacker.
   This works even against foes who are a short distance away.
   rElec:     It insulates you from electricity.
   Fly:       It grants you flight.
Jewellery
 j - a ring of poison resistance (right hand)
 k - a +2 ring of evasion (left hand)
Wands
 x - a wand of quicksilver (10)
Scrolls
 p - 2 scrolls of identify
 q - 4 scrolls of blinking
 r - 9 scrolls of enchant armour
Potions
 g - 4 potions of haste
 l - 7 potions of heal wounds
 m - a potion of might
 n - a potion of resistance
 o - 2 potions of mutation
 s - 5 potions of curing


   Skills:
 + Level 21.6 Fighting
 O Level 27 Polearms
 + Level 21.6 Armour
 + Level 7.9 Dodging
 + Level 9.5 Shields


You had 12 spell levels left.
You didn't know any spells.
Your spell library was empty.

Dungeon Overview and Level Annotations

Branches:
Dungeon (1/1)

Altars:
Cheibriados
Dithmenos
Elyvilon
Fedhas
Gozag
Hepliaklqana
Kikubaaqudgha
Makhleb
Nemelex Xobeh
Okawaru
Qazlal
Ru
Sif Muna
Trog
Uskayaw
Vehumet
Wu Jian
Xom
Yredelemnul
Zin
The Shining One
Jiyva
Lugonu

Shops:
D [(([[*(*(


Innate Abilities, Weirdness & Mutations

You have a pair of horns on your head.
You reflexively headbutt those who attack you in melee.


Message History

Something stings you.
* * * LOW HITPOINT WARNING * * *
You feel much better. Something hits you but does no damage.
Something hits you. Something stings you.
You feel you are being watched by something.
Something hits you!
* * * LOW HITPOINT WARNING * * *
Something hits you.
* * * LOW HITPOINT WARNING * * *
You feel weakened. You block something's attack.
You feel much better.
The entropy weaver gestures at you while chanting.
The entropic weave corrodes you!
You feel you are being watched by something.
Something hits you. Something barely misses you.
Something stings you but does no damage.
You block something's attack. Something hits you.
You feel weakened.
Something stings you but does no damage.
You hit something.
The entropy weaver points at you and mumbles some strange words.
The entropic weave corrodes you!
You feel you are being watched by something.
Something hits you. You block something's attack. Something stings you!
* * * LOW HITPOINT WARNING * * *
You feel dopey.
You hit something.
You feel you are being watched by something.
You feel your power leaking away. Something hits you!
* * * LOW HITPOINT WARNING * * *
You block something's attack. Something stings you.
* * * LOW HITPOINT WARNING * * *
Something hits you!
* * * LOW HITPOINT WARNING * * *
You feel clumsy. Something hits you!
You die...
Your body crumbles into a pile of gold.

)............)............)'.....
▓▓▓▓▓▓▓▓▓▓▓▓▓▓▓▓▓▓▓▓▓▓▓▓▓▓▓▓▓▓▓▓▓
.................................
▓▓▓▓▓▓▓▓▓▓▓▓▓▓▓▓▓▓▓▓▓▓▓▓▓▓▓▓▓▓▓▓▓
.......?.[[[[[[[.[)))))))).=.=='.
▓▓▓▓▓▓▓▓▓▓▓▓▓▓▓▓▓▓▓▓▓▓▓▓▓▓▓▓▓▓▓▓▓
.)...............................
▓▓▓▓▓▓▓▓▓▓▓▓▓▓▓▓♣♣♣♣♣♣♣♣♣♣▓▓▓▓▓▓▓
...wyB{@.......)'.......
▓▓▓▓▓▓▓♣♣♣♣♣♣♣♣♣♣▓▓▓▓▓▓▓


You could see an entropy weaver, a torpor snail and a moth of wrath.

Vanquished Creatures
  Agnes (D)
  A fire giant (D)
  A frost giant (D)
  2 very ugly things (D)
  A broodmother (D)
  A bunyip (D)
  2 spark wasps (D)
  3 hydras (D)
  Harold (D)
  A jorogumo (D)
  A ghost crab (D)
  An ice dragon (D)
  5 ogre magi (D)
  2 boulder beetles (D)
  4 death yaks (D)
  3 two-headed ogres (D)
  A goliath frog (D)
  A swamp dragon (D)
  3 orc knights (D)
  A bog body (D)
  2 deep elf pyromancers (D)
  2 wolf spiders (D)
  A will-o-the-wisp (D)
  2 ugly things (D)
  2 cyclopes (D)
  2 manticores (D)
  A black mamba (D)
  2 komodo dragons (D)
  4 cane toads (D)
  An unseen horror (shapeshifter) (D)
  A tengu conjurer (D)
  A tyrant leech (D)
  2 trolls (D)
  A slime creature (D)
  4 yaks (D)
  A wraith (D)
  A vampire mosquito (D)
  4 water moccasins (D)
  12 orc warriors (D)
  5 ogres (D)
  A gnoll sergeant (D)
  5 bullfrogs (D)
  A scorpion (D)
  A bombardier beetle (D)
  A hound (D)
  2 orc priests (D)
  An iguana (D)
  4 orc wizards (D)
  A hell rat (D)
  7 orcs (D)
  A ball python (D)
  A bat (D)
  2 hobgoblins (D)
  A rat (D)
116 creatures vanquished.

Vanquished Creatures (others)
  A spriggan druid (D)
  A foxfire (D)
2 creatures vanquished.

Grand Total: 118 creatures vanquished

Notes
Turn   | Place    | Note
-------+----------+-------------------------------------------
     0 | D        | Heoruswealwe the Minotaur Fighter began the quest for the
                  | Orb.
     0 | D        | Reached XP level 1. HP: 19/19 MP: 0/0
     7 | D        | Reached skill level 3 in Polearms
    25 | D        | Noticed a scorpion
    25 | D        | Noticed a hound
    25 | D        | Noticed an iguana
    25 | D        | Noticed a bombardier beetle
    27 | D        | Killed a bombardier beetle
    28 | D        | Reached skill level 5 in Fighting
    28 | D        | Reached skill level 5 in Polearms
    28 | D        | Reached skill level 5 in Armour
    28 | D        | Reached XP level 2. HP: 29/29 MP: 1/1
    28 | D        | Reached XP level 3. HP: 36/36 MP: 2/2
    34 | D        | Reached skill level 6 in Polearms
    36 | D        | Reached skill level 7 in Polearms
    36 | D        | Reached XP level 4. HP: 44/44 MP: 3/3
    40 | D        | Killed a scorpion
    41 | D        | Reached skill level 9 in Polearms
    41 | D        | Reached XP level 5. HP: 52/52 MP: 4/4
    49 | D        | Found a snail-covered altar of Cheibriados.
    49 | D        | Found a shadowy altar of Dithmenos.
    49 | D        | Found a white marble altar of Elyvilon.
    49 | D        | Found a blossoming altar of Fedhas.
    49 | D        | Found an opulent altar of Gozag.
    50 | D        | Found a hazy altar of Hepliaklqana.
    51 | D        | Found a viscous altar of Jiyva.
    52 | D        | Found an ancient bone altar of Kikubaaqudgha.
    53 | D        | Found a corrupted altar of Lugonu.
    54 | D        | Found a burning altar of Makhleb.
    55 | D        | Found a sparkling altar of Nemelex Xobeh.
    56 | D        | Found an iron altar of Okawaru.
    57 | D        | Became a worshipper of Gozag Ym Sagoz the Greedy
    58 | D        | Found a stormy altar of Qazlal.
    59 | D        | Found a sacrificial altar of Ru.
    60 | D        | Found a shimmering blue altar of Sif Muna.
    61 | D        | Found a bloodstained altar of Trog.
    62 | D        | Found a hide-covered altar of Uskayaw.
    63 | D        | Found a radiant altar of Vehumet.
    64 | D        | Found an ornate altar of the Wu Jian Council.
    65 | D        | Found a shimmering altar of Xom.
    66 | D        | Found a basalt altar of Yredelemnul.
    67 | D        | Found a glowing silver altar of Zin.
    68 | D        | Found a glowing golden altar of the Shining One.
    85 | D        | Got the +2 halberd of the Hurting Tiger {freeze, rCorr}
   123 | D        | Noticed a troll
   123 | D        | Noticed an orc warrior
   123 | D        | Noticed an orc warrior
   123 | D        | Noticed a troll
   123 | D        | Noticed a wraith
   130 | D        | Killed a wraith
   131 | D        | Reached skill level 11 in Polearms
   131 | D        | Reached XP level 6. HP: 51/62 MP: 5/5
   137 | D        | Killed a troll
   138 | D        | Reached skill level 13 in Polearms
   138 | D        | Reached XP level 7. HP: 52/71 MP: 6/6
   142 | D        | Reached skill level 10 in Fighting
   142 | D        | Reached skill level 10 in Armour
   143 | D        | Killed a troll
   144 | D        | Reached skill level 14 in Polearms
   245 | D        | Noticed a purple ugly thing
   245 | D        | Noticed a cyclops
   245 | D        | Noticed a slime creature
   245 | D        | Noticed a manticore
   245 | D        | Noticed a boulder beetle
   245 | D        | Noticed a deep elf pyromancer
   249 | D        | Killed a deep elf pyromancer
   250 | D        | Reached skill level 15 in Polearms
   250 | D        | Reached XP level 8. HP: 83/83 MP: 7/7
   268 | D        | Killed a boulder beetle
   269 | D        | Reached skill level 16 in Polearms
   287 | D        | Killed a slime creature
   288 | D        | Reached skill level 17 in Polearms
   288 | D        | Reached XP level 9. HP: 82/92 MP: 8/8
   292 | D        | Killed a purple ugly thing
   296 | D        | Killed a manticore
   297 | D        | Reached skill level 18 in Polearms
   303 | D        | Killed a cyclops
   534 | D        | Got the +8 plate armour "Fecvuim" {+Inv rN+ Str+2}
   552 | D        | Noticed a cane toad
   552 | D        | Noticed a cane toad
   552 | D        | Noticed a komodo dragon
   559 | D        | Noticed a cane toad
   565 | D        | Killed a komodo dragon
   566 | D        | Reached skill level 19 in Polearms
   566 | D        | Noticed a black mamba
   567 | D        | Killed a cane toad
   568 | D        | Reached XP level 10. HP: 104/104 MP: 9/9
   570 | D        | Killed a cane toad
   573 | D        | Killed a cane toad
   576 | D        | Reached skill level 20 in Polearms
   579 | D        | Killed a black mamba
   580 | D        | Reached skill level 15 in Fighting
   580 | D        | Reached skill level 15 in Armour
   660 | D        | Noticed a cane toad
   671 | D        | Killed a cane toad
   674 | D        | Noticed a five-headed hydra
   687 | D        | Killed an eight-headed hydra
   688 | D        | Reached skill level 21 in Polearms
   814 | D        | Noticed a death yak
   814 | D        | Noticed a death yak
   814 | D        | Noticed a death yak
   814 | D        | Noticed a death yak
   821 | D        | Killed a death yak
   826 | D        | Killed a death yak
   827 | D        | Reached XP level 11. HP: 78/115 MP: 10/10
   832 | D        | Killed a death yak
   833 | D        | Reached skill level 22 in Polearms
   837 | D        | Killed a death yak
   998 | D        | Noticed Harold
  1004 | D        | Killed Harold
  1087 | D        | Reached skill level 23 in Polearms
  1108 | D        | Noticed an orc knight
  1128 | D        | Killed an orc knight
  1226 | D        | Noticed an orc knight
  1250 | D        | Killed an orc knight
  1256 | D        | Noticed an orc knight
  1287 | D        | Killed an orc knight
  1395 | D        | Found Yhokhloux's Weapon Boutique.
  1395 | D        | Noticed an ogre mage
  1403 | D        | Noticed an ogre mage
  1405 | D        | Killed an ogre mage
  1406 | D        | Reached skill level 24 in Polearms
  1407 | D        | Noticed a two-headed ogre
  1410 | D        | Noticed an ogre mage
  1415 | D        | Killed an ogre mage
  1419 | D        | Killed a two-headed ogre
  1422 | D        | Noticed a two-headed ogre
  1427 | D        | Killed an ogre mage
  1431 | D        | Killed a two-headed ogre
  1432 | D        | Reached skill level 25 in Polearms
  1432 | D        | Reached XP level 12. HP: 108/128 MP: 11/11
  1483 | D        | Found Poehi's General Store.
  1487 | D        | Found Fimueqam's Antique Weapon Boutique.
  1491 | D        | Found Usahumirch's Assorted Antiques.
  1494 | D        | Noticed an ogre mage
  1495 | D        | Noticed an ogre mage
  1495 | D        | Noticed a two-headed ogre
  1515 | D        | Killed an ogre mage
  1518 | D        | Paralysed by something for 5 turns
  1526 | D        | Killed an ogre mage
  1532 | D        | Killed a two-headed ogre
  1615 | D        | Bought a scroll of immolation for 40 gold pieces
  1619 | D        | Bought a potion of haste for 310 gold pieces
  1619 | D        | Bought a thin cabochon amulet for 155 gold pieces
  1619 | D        | Bought a scroll labelled POXUKIVOUW for 31 gold pieces
  1619 | D        | Bought a potion of mutation for 248 gold pieces
  1619 | D        | Bought a scroll labelled TISUQ OXEDIRAZ for 31 gold pieces
  1622 | D        | Bought the +5 robe of Night {Dark Will+ SInv} for 900 gold
                  | pieces
  1622 | D        | Found the +5 robe of Night {Dark Will+ SInv}
  1622 | D        | Bought the +10 tower shield of Ignorance {rN+ Int-4} for
                  | 859 gold pieces
  1622 | D        | Found the +10 tower shield of Ignorance {rN+ Int-4}
  1625 | D        | Bought a +2 pair of boots of flying for 322 gold pieces
  1625 | D        | Bought the +1 cloak "Vigeinenac" {rElec rF+ Str+3 Dex+2}
                  | for 615 gold pieces
  1630 | D        | Bought the +4 halberd "Eviscerator" {freeze, *Slow rPois
                  | rC++ SInv} for 763 gold pieces
  1633 | D        | Bought the +5 Storm Queen's Shield {shock, Fly rElec} for
                  | 592 gold pieces
  1633 | D        | Found the +5 Storm Queen's Shield {shock, Fly rElec}
  1670 | D        | Acquired a +1 demon trident of electrocution
  1723 | D        | Bought a scroll of enchant armour for 232 gold pieces
  1942 | D        | Noticed a six-headed hydra
  1946 | D        | Killed a six-headed hydra
  1950 | D        | Noticed a boulder beetle
  1996 | D        | Noticed a fire giant
  1997 | D        | Noticed an ice dragon
  2002 | D        | Killed a boulder beetle
  2003 | D        | Reached skill level 26 in Polearms
  2009 | D        | Noticed a red very ugly thing
  2013 | D        | Killed a fire giant
  2018 | D        | Killed an ice dragon
  2020 | D        | Noticed a red very ugly thing
  2032 | D        | Noticed a spark wasp
  2035 | D        | Killed a red very ugly thing
  2037 | D        | Noticed a frost giant
  2041 | D        | Killed a purple very ugly thing
  2042 | D        | Reached skill level 27 in Polearms
  2044 | D        | Reached skill level 1 in Dodging
  2050 | D        | Killed a spark wasp
  2059 | D        | Killed a frost giant
  2060 | D        | Reached skill level 5 in Shields
  2403 | D        | Noticed Agnes
  2411 | D        | Killed Agnes
  2535 | D        | Noticed a six-headed hydra
  2535 | D        | Noticed a bunyip
  2543 | D        | Killed a bunyip
  2544 | D        | Reached XP level 13. HP: 141/141 MP: 12/12
  2549 | D        | Reached skill level 5 in Dodging
  2666 | D        | Noticed a broodmother
  2666 | D        | Noticed a spark wasp
  2691 | D        | Killed a spark wasp
  2712 | D        | Killed a broodmother
  2723 | D        | Lost intelligence.
  2734 | D        | HP: 7/145 [something (17)]
  2734 | D        | Slain by a ghost moth

Illustrated notes

Levels and vault maps discovered:
D:        linesprint [early_d, line_temple, items_1, d_10, items_2, lair_1,
          lair_end, items_3, orc_1, orc_end, items_4, d_15, swamp_1, shoals_1,
          snake_1, spider_1, d_20, vaults_1, items_5, swamp_end, shoals_end,
          snake_end, spider_end, vaults_end, d_27, items_6, zot_1, zot_end,
          crypt_end, forest_end, elf_end, slime_end, tomb_end, abyss_end,
          pan_hell_end]

Skill      XL: |  1  2  3  4  5  6  7  8  9 10 11 12 13 |
---------------+----------------------------------------+-----
Polearms       | 5 7 9 11 13 15 17 19 21 25 27 | 27.0
Fighting       | 5 6 7 8 9 11 12 14 16 18 20 21 | 21.6
Armour         | 5 6 7 8 9 11 12 14 16 18 20 21 | 21.6
Dodging        | 4 7 |  7.9
Shields        | 6 9 |  9.5

Action                     |  1- 3 |  4- 6 |  7- 9 | 10-12 | 13-15 || total
---------------------------+-------+-------+-------+-------+-------++-------
  Melee: Trident           |    22 |     7 |       |       |       ||    29
         Headbutt          |     5 |     3 |    15 |    52 |    21 ||    96
         Halberd           |       |    12 |    64 |   187 |       ||   263
         Demon trident     |       |       |       |    84 |    92 ||   176
 Invoke: Call Merchant     |       |       |       |     5 |       ||     5
    Use: Potion            |       |       |       |     2 |     5 ||     7
         Scroll            |       |       |       |     5 |       ||     5
   Stab: Distracted        |       |       |     1 |     1 |       ||     2
 Armour: Scale mail        |     7 |     4 |       |       |       ||    11
         Plate armour      |       |    15 |    27 |    98 |    91 ||   231
  Dodge: Dodged            |    10 |     9 |     5 |    39 |    11 ||    74
  Block: Buckler           |     3 |       |       |       |       ||     3
         Tower shield      |       |       |       |    41 |    93 ||   134
